TOP OF THE 1ST |
Santa Monica Bruins batting - Pitching for Albuquerque Isotopes : RHP Juan Marín
|
Pitching: RHP Juan Marín
|
|
Batting: RHB Carlos Carrillo
|
0-0: Ball 1-0: Called Strike 1-1: Swinging Strike 1-2: Foul Ball, location: 2F 1-2: Foul Ball, location: 2F 1-2: Ball 2-2: Foul Ball, location: 2F 2-2: Foul Ball, location: 2F 2-2: Ground out U3 (Groundball, 3)
|
Batting: RHB Motoshige Yagi
|
0-0: Ball 1-0: Ball 2-0: Ball 3-0: Called Strike 3-1: Foul Ball, location: 2F 3-2: Foul Ball, location: 2F 3-2: Base on Balls
|
Batting: LHB António Glaviz
|
0-0: 2-RUN HOME RUN (Line Drive, 89XD), Distance : 400 ft
|
Batting: LHB Germán Charfauros
|
0-0: Called Strike 0-1: Foul Ball, location: 2F 0-2: Ball 1-2: Strikes out swinging
|
Batting: LHB Ken Poche
|
0-0: Foul Ball, location: 2F 0-1: Ball 1-1: Ground out U3 (Groundball, 3S)
|
Top of the 1st over - 2 run(s), 1 hit(s), 0 error(s), 0 left on base; Santa Monica 2 - Albuquerque 0 |
BOTTOM OF THE 1ST |
Albuquerque Isotopes batting - Pitching for Santa Monica Bruins : LHP Cobus Human
|
Pitching: LHP Cobus Human
|
|
Batting: LHB A.J. Major
|
0-0: Called Strike 0-1: Ball 1-1: Fly out, F2 (Popup, 2LF)
|
Batting: RHB Doug Stephens
|
0-0: Ball 1-0: SINGLE (Groundball, 6MD)
|
Batting: LHB José Antonio Santiago
|
0-0: Ball 1-0: Foul Ball, location: 2F 1-1: Foul Ball, location: 2F 1-2: Ground out 4-3 (Groundball, 4M) Doug Stephens to second
|
Batting: RHB Edward Young
|
0-0: Fly out, F5 (Popup, 15)
|
Bottom of the 1st over - 0 run(s), 1 hit(s), 0 error(s), 1 left on base; Santa Monica 2 - Albuquerque 0 |
TOP OF THE 2ND |
Santa Monica Bruins batting - Pitching for Albuquerque Isotopes : RHP Juan Marín
|
Batting: LHB Bob Cunningham
|
0-0: Ball 1-0: Ball 2-0: Called Strike 2-1: Foul Ball, location: 2F 2-2: Strikes out swinging
|
Batting: RHB Armando Méndez
|
0-0: Ball 1-0: Ball 2-0: Ball 3-0: Called Strike 3-1: Foul Ball, location: 2F 3-2: Base on Balls
|
Batting: RHB Justin Burgess
|
0-0: Ball 1-0: Ball 2-0: Ball 3-0: Called Strike 3-1: Base on Balls Armando Méndez to second
|
Batting: LHB Greg Schultz
|
0-0: Ball 1-0: Called Strike 1-1: Ball 2-1: SINGLE (Line Drive, 89M) Armando Méndez to third Justin Burgess to second Runner from 3rd tries for Home, throw and OUT!
|
Batting: RHB Carlos Carrillo
|
0-0: Ball 1-0: Swinging Strike 1-1: Fielders Choice at 2nd, 5-4 (Groundball, 5)
|
Top of the 2nd over - 0 run(s), 1 hit(s), 0 error(s), 1 left on base; Santa Monica 2 - Albuquerque 0 |
BOTTOM OF THE 2ND |
Albuquerque Isotopes batting - Pitching for Santa Monica Bruins : LHP Cobus Human
|
Batting: LHB Juan Carlos Sánchez
|
0-0: Foul Ball, location: 2F 0-1: Foul Ball, location: 2F 0-2: Ball 1-2: Fly out, F7 (Flyball, 78M)
|
Batting: RHB Juan Alberto
|
0-0: Foul Ball, location: 2F 0-1: Ground out 5-3 (Groundball, 5L)
|
Batting: RHB Roberto Pérez
|
0-0: Swinging Strike 0-1: Foul Ball, location: 2F 0-2: Strikes out swinging
|
Bottom of the 2nd over - 0 run(s), 0 hit(s), 0 error(s), 0 left on base; Santa Monica 2 - Albuquerque 0 |
TOP OF THE 3RD |
Santa Monica Bruins batting - Pitching for Albuquerque Isotopes : RHP Juan Marín
|
Batting: RHB Motoshige Yagi
|
0-0: Called Strike 0-1: Swinging Strike 0-2: Ball 1-2: Ball 2-2: Foul Ball, location: 2F 2-2: Fly out, F8 (Flyball, 8RS)
|
Batting: LHB António Glaviz
|
0-0: Ball 1-0: Called Strike 1-1: Swinging Strike 1-2: Strikes out swinging
|
Batting: LHB Germán Charfauros
|
0-0: Ball Reached via error on a dropped throw, E1
|
Batting: LHB Ken Poche
|
0-0: Ball 1-0: Called Strike 1-1: Foul Ball, location: 2F 1-2: Ground out 1-3 (Groundball, 25)
|
Top of the 3rd over - 0 run(s), 0 hit(s), 1 error(s), 1 left on base; Santa Monica 2 - Albuquerque 0 |
BOTTOM OF THE 3RD |
Albuquerque Isotopes batting - Pitching for Santa Monica Bruins : LHP Cobus Human
|
Batting: LHB David Griffin
|
0-0: Swinging Strike 0-1: Foul Ball, location: 2F 0-2: Foul Ball, location: 2F 0-2: Foul Ball, location: 2F 0-2: Foul Ball, location: 2F 0-2: Ball 1-2: Foul Ball, location: 2F 1-2: Ball 2-2: Ball 3-2: Strikes out swinging
|
Batting: RHB Luis Martínez
|
0-0: Called Strike 0-1: Called Strike 0-2: Strikes out swinging
|
Batting: LHB A.J. Major
|
0-0: Fly out, F5 (Popup, 5S)
|
Bottom of the 3rd over - 0 run(s), 0 hit(s), 0 error(s), 0 left on base; Santa Monica 2 - Albuquerque 0 |
TOP OF THE 4TH |
Santa Monica Bruins batting - Pitching for Albuquerque Isotopes : RHP Juan Marín
|
Batting: LHB Bob Cunningham
|
0-0: SOLO HOME RUN (Flyball, 9D), Distance : 374 ft
|
Batting: RHB Armando Méndez
|
0-0: Swinging Strike 0-1: Ball 1-1: Foul Ball, location: 2F 1-2: Ball 2-2: Fly out, F8 (Line Drive, 8LM)
|
Batting: RHB Justin Burgess
|
0-0: Fly out, F8 (Popup, 4MD)
|
Batting: LHB Greg Schultz
|
0-0: Ball 1-0: Fly out, F5 (Popup, 5D)
|
Top of the 4th over - 1 run(s), 1 hit(s), 0 error(s), 0 left on base; Santa Monica 3 - Albuquerque 0 |
BOTTOM OF THE 4TH |
Albuquerque Isotopes batting - Pitching for Santa Monica Bruins : LHP Cobus Human
|
Batting: RHB Doug Stephens
|
0-0: Ball 1-0: Called Strike 1-1: Ball 2-1: Ground out 4-3 (Groundball, 4M)
|
Batting: LHB José Antonio Santiago
|
0-0: Ball 1-0: Ball 2-0: Called Strike 2-1: Swinging Strike 2-2: Ball 3-2: Strikes out looking
|
Batting: RHB Edward Young
|
0-0: Called Strike 0-1: Fly out, F8 (Flyball, 8LXD)
|
Bottom of the 4th over - 0 run(s), 0 hit(s), 0 error(s), 0 left on base; Santa Monica 3 - Albuquerque 0 |
TOP OF THE 5TH |
Santa Monica Bruins batting - Pitching for Albuquerque Isotopes : RHP Juan Marín
|
Batting: RHB Carlos Carrillo
|
0-0: Ball 1-0: Foul Ball, location: 2F 1-1: Ball 2-1: Ball 3-1: SINGLE (Line Drive, 8LS)
|
Batting: RHB Motoshige Yagi
|
0-0: Ball 1-0: Ball 2-0: 2-RUN HOME RUN (Flyball, 9D), Distance : 367 ft
|
Batting: LHB António Glaviz
|
0-0: Ball 1-0: Ball 2-0: Foul Ball, location: 2F 2-1: Ball 3-1: Base on Balls
|
Batting: LHB Germán Charfauros
|
0-0: Ball 1-0: Called Strike 1-1: Ball 2-1: Foul Ball, location: 2F 2-2: Strikes out swinging
|
Batting: LHB Ken Poche
|
0-0: Ball António Glaviz steals 2nd base 1-0: Ball 2-0: Ball 3-0: Base on Balls
|
Batting: LHB Bob Cunningham
|
0-0: Swinging Strike 0-1: Swinging Strike 0-2: Foul Ball, location: 2F 0-2: Ball 1-2: Strikes out looking
|
Batting: RHB Armando Méndez
|
0-0: Called Strike 0-1: Foul Ball, location: 2F 0-2: Foul Ball, location: 2F 0-2: Strikes out looking
|
Top of the 5th over - 2 run(s), 2 hit(s), 0 error(s), 2 left on base; Santa Monica 5 - Albuquerque 0 |
BOTTOM OF THE 5TH |
Albuquerque Isotopes batting - Pitching for Santa Monica Bruins : LHP Cobus Human
|
Batting: LHB Juan Carlos Sánchez
|
0-0: DOUBLE (Flyball, 7LD)
|
Batting: RHB Juan Alberto
|
0-0: Called Strike 0-1: Swinging Strike 0-2: Fly out, F7 (Flyball, 7M)
|
Batting: RHB Roberto Pérez
|
0-0: Ball 1-0: SINGLE (Groundball, 6MD) Juan Carlos Sánchez to third Runner from 3rd tries for Home, SAFE, throw made home Roberto Pérez to second
|
Batting: LHB David Griffin
|
0-0: Ball 1-0: Ball 2-0: Foul Ball, location: 2F 2-1: Foul Ball, location: 2F 2-2: SINGLE (Line Drive, 8RS) Roberto Pérez to third Runner from 3rd tries for Home, SAFE, no throw or cutoff
|
Batting: RHB Luis Martínez
|
0-0: Called Strike 0-1: Ball 1-1: Called Strike 1-2: Foul Ball, location: 2F 1-2: Strikes out looking
|
Batting: LHB A.J. Major
|
0-0: Ball 1-0: Called Strike 1-1: Swinging Strike 1-2: Ball 2-2: Ball 3-2: Fly out, F7 (Flyball, 78M)
|
Bottom of the 5th over - 2 run(s), 3 hit(s), 0 error(s), 1 left on base; Santa Monica 5 - Albuquerque 2 |
TOP OF THE 6TH |
Santa Monica Bruins batting - Pitching for Albuquerque Isotopes : RHP Juan Marín
|
Pitching: RHP Rafael Trujillo
|
|
Batting: RHB Justin Burgess
|
0-0: Ball 1-0: Swinging Strike 1-1: Ball 2-1: Ball 3-1: Swinging Strike 3-2: Base on Balls
|
Batting: LHB Greg Schultz
|
0-0: Ball 1-0: Called Strike 1-1: Ball 2-1: Foul Ball, location: 2F 2-2: Ball 3-2: Strikes out swinging Throwing error on steal attempt, E2 Justin Burgess to third
|
Batting: RHB Carlos Carrillo
|
0-0: Ball 1-0: Foul Ball, location: 2F 1-1: Ball 2-1: Ball 3-1: Called Strike 3-2: SINGLE (Groundball, 56) (infield hit) Justin Burgess scores
|
Batting: RHB Motoshige Yagi
|
0-0: Ball Passed Ball! Carlos Carrillo to second 1-0: Swinging Strike 1-1: Foul Ball, location: 2F 1-2: Strikes out looking
|
Batting: LHB António Glaviz
|
0-0: Ball 1-0: Ball 2-0: Ball 3-0: Base on Balls
|
Batting: LHB Germán Charfauros
|
0-0: Fielders Choice at 2nd, U6 (Groundball, 6M)
|
Top of the 6th over - 1 run(s), 1 hit(s), 1 error(s), 2 left on base; Santa Monica 6 - Albuquerque 2 |
BOTTOM OF THE 6TH |
Albuquerque Isotopes batting - Pitching for Santa Monica Bruins : LHP Cobus Human
|
Batting: RHB Doug Stephens
|
0-0: Ball 1-0: Fly out, F7 (Line Drive, 7D)
|
Batting: LHB José Antonio Santiago
|
0-0: Called Strike 0-1: Foul Ball, location: 2F 0-2: Ball 1-2: DOUBLE (Popup, 3D)
|
Batting: RHB Edward Young
|
0-0: Ball 1-0: Fly out, F8 (Flyball, 8LD) Runner from 2nd tags up, SAFE at 3rd with throw
|
Batting: LHB Juan Carlos Sánchez
|
0-0: Called Strike 0-1: Ball 1-1: Foul Ball, location: 2F 1-2: Strikes out swinging
|
Bottom of the 6th over - 0 run(s), 1 hit(s), 0 error(s), 1 left on base; Santa Monica 6 - Albuquerque 2 |
TOP OF THE 7TH |
Santa Monica Bruins batting - Pitching for Albuquerque Isotopes : RHP Rafael Trujillo
|
Batting: LHB Ken Poche
|
0-0: Called Strike 0-1: DOUBLE (Groundball, 3L)
|
Batting: LHB Bob Cunningham
|
0-0: Intentional Walk
|
Pitching: RHP Jay Lloyd
|
|
Batting: RHB Armando Méndez
|
0-0: Ball 1-0: Called Strike 1-1: TRIPLE (Line Drive, 8RM) Ken Poche scores Bob Cunningham scores
|
Batting: RHB Justin Burgess
|
0-0: Ball 1-0: Ground out U3 (Groundball, 3L)
|
Batting: LHB Greg Schultz
|
0-0: Called Strike 0-1: Fly out, F5 (Popup, 5DF)
|
Batting: RHB Carlos Carrillo
|
0-0: Ball 1-0: Ball 2-0: Called Strike 2-1: Ball 3-1: Called Strike 3-2: Fly out, F6 (Popup, 6S)
|
Top of the 7th over - 2 run(s), 2 hit(s), 0 error(s), 1 left on base; Santa Monica 8 - Albuquerque 2 |
BOTTOM OF THE 7TH |
Albuquerque Isotopes batting - Pitching for Santa Monica Bruins : LHP Cobus Human
|
Batting: RHB Juan Alberto
|
0-0: Foul Ball, location: 2F 0-1: Ball 1-1: Fly out, F7 (Flyball, 7D)
|
Batting: RHB Roberto Pérez
|
0-0: Ball 1-0: Ball 2-0: Fly out, F9 (Flyball, 9M)
|
Batting: LHB David Griffin
|
0-0: Ball 1-0: Ball 2-0: Called Strike 2-1: Foul Ball, location: 2F 2-2: Ground out 6-3 (Groundball, 6MS)
|
Bottom of the 7th over - 0 run(s), 0 hit(s), 0 error(s), 0 left on base; Santa Monica 8 - Albuquerque 2 |
TOP OF THE 8TH |
Santa Monica Bruins batting - Pitching for Albuquerque Isotopes : RHP Jay Lloyd
|
Batting: RHB Motoshige Yagi
|
0-0: Ball 1-0: Called Strike 1-1: Ball 2-1: Called Strike 2-2: SINGLE (Line Drive, 56D)
|
Batting: LHB António Glaviz
|
0-0: Called Strike 0-1: Foul Ball, location: 2F 0-2: Strikes out looking
|
Batting: LHB Germán Charfauros
|
0-0: Called Strike 0-1: Ball 1-1: SINGLE (Groundball, 34D) (infield hit) Motoshige Yagi to second
|
Batting: LHB Ken Poche
|
0-0: Ball 1-0: Ball 2-0: Ball 3-0: Base on Balls Motoshige Yagi to third Germán Charfauros to second
|
Batting: LHB Bob Cunningham
|
0-0: Called Strike 0-1: Foul Ball, location: 2F 0-2: Ball 1-2: Foul Ball, location: 2F 1-2: Fielders Choice at 3rd, U5 (Groundball, 5L) Motoshige Yagi scores Ken Poche to second
|
Batting: RHB Armando Méndez
|
0-0: Swinging Strike 0-1: Swinging Strike 0-2: Ball 1-2: Strikes out looking
|
Top of the 8th over - 1 run(s), 2 hit(s), 0 error(s), 2 left on base; Santa Monica 9 - Albuquerque 2 |
BOTTOM OF THE 8TH |
Albuquerque Isotopes batting - Pitching for Santa Monica Bruins : LHP Cobus Human
|
Now in RF: Rob Bailey
|
|
Batting: RHB Luis Martínez
|
0-0: Ball 1-0: Called Strike 1-1: Ground out 6-3 (Groundball, 6)
|
Batting: LHB A.J. Major
|
0-0: Foul Ball, location: 2F 0-1: Swinging Strike 0-2: Ball 1-2: Strikes out swinging
|
Batting: RHB Doug Stephens
|
0-0: Foul Ball, location: 2F 0-1: Ball 1-1: Ball 2-1: Foul Ball, location: 2F 2-2: Ball 3-2: Strikes out swinging
|
Bottom of the 8th over - 0 run(s), 0 hit(s), 0 error(s), 0 left on base; Santa Monica 9 - Albuquerque 2 |
TOP OF THE 9TH |
Santa Monica Bruins batting - Pitching for Albuquerque Isotopes : RHP Jay Lloyd
|
Batting: RHB Justin Burgess
|
0-0: Swinging Strike 0-1: Ball 1-1: Foul Ball, location: 2F 1-2: SINGLE (Line Drive, 8RS)
|
Batting: LHB Greg Schultz
|
0-0: Bunted foul 0-1: Called Strike 0-2: Foul Ball, location: 2F 0-2: Ball 1-2: Fly out, F7 (Flyball, 7S)
|
Batting: RHB Carlos Carrillo
|
0-0: Foul Ball, location: 2F 0-1: Ball 1-1: Fly out, F9 (Line Drive, 9M)
|
Batting: RHB Motoshige Yagi
|
0-0: Called Strike 0-1: Hit by Pitch Justin Burgess to second
|
Batting: LHB António Glaviz
|
0-0: Called Strike 0-1: Ball 1-1: Foul Ball, location: 2F 1-2: Ball 2-2: Strikes out swinging
|
Top of the 9th over - 0 run(s), 1 hit(s), 0 error(s), 2 left on base; Santa Monica 9 - Albuquerque 2 |
BOTTOM OF THE 9TH |
Albuquerque Isotopes batting - Pitching for Santa Monica Bruins : LHP Cobus Human
|
Pitching: RHP Javier Correa
|
|
Now at 1B: Raúl Guerra
|
|
Batting: LHB José Antonio Santiago
|
0-0: Ball 1-0: Called Strike 1-1: Called Strike 1-2: Ball 2-2: Foul Ball, location: 2F 2-2: Ground out 4-3 (Groundball, 4M)
|
Pinch Hitting: LHB Domingo Cardona
|
0-0: Foul Ball, location: 2F 0-1: Called Strike 0-2: Fly out, F2 (Popup, 25F)
|
Batting: LHB Juan Carlos Sánchez
|
0-0: Foul Ball, location: 2F 0-1: Fly out, F5 (Popup, 5F)
|
Bottom of the 9th over - 0 run(s), 0 hit(s), 0 error(s), 0 left on base; Santa Monica 9 - Albuquerque 2 |
|